Map: Coda EC

Players

HeLeX - Winner!

  • Race: Zerg Zerg
  • League: Grandmaster

AgCl

  • Race: Protoss Protoss
  • League: Grandmaster

VOD

Have the link to the VOD?

Description

Time

  • Played on: May 29, 2015, 11:15 p.m.
  • Length: 9:22
Show
View Real Time Build Order
Export as new Build Order

HeLeX Zerg - Winner!

Build Orders: Pool First 

Get SALT Encoding   

  12  0:09  Overlord  
  12  0:17  Drone  
  12  0:20  Drone  
  14  0:25  Extractor  
  14  0:26  Drone  
  14  0:39  Drone  
  15  0:45  Drone  
  16  0:54  Spawning Pool  
  16  0:56  Drone  
  16  1:07  Drone  
  17  1:27  Drone  
  17  1:30  Hatchery  
  17  1:43  Zergling x4  
  19  1:48  Drone  
  20  1:58  Drone  
  21  2:07  Overlord  
  21  2:15  Metabolic Boost  
  21  2:34  Hatchery, Drone x2  
  22  2:38  Queen  
  22  2:40  Drone  
  24  2:50  Queen  
  26  3:05  Drone  
  26  3:06  Drone x3  
  26  3:07  Drone  
  31  3:18  Queen  
  33  3:29  Overlord  
  33  3:36  Drone x3  
  36  3:42  Overlord  
  36  3:46  Queen  
  38  3:56  Drone x2  
  38  3:57  Drone x3  
  38  3:58  Spine Crawler  
  42  4:13  Drone x6  
  42  4:14  Drone x2  
  50  4:19  Overlord  
  50  4:23  Roach Warren  
  49  4:31  Extractor x2  
  48  4:33  Zergling x8, Extractor  
  50  4:40  Drone x4  
  54  4:52  Zergling x4  
  56  4:53  Zergling x2  
  54  5:05  Zergling x8  
  57  5:09  Zergling x2  
  57  5:10  Zergling x18  
  61  5:22  Zergling x2  
  61  5:23  Zergling x10  
  61  5:27  Queen  
  66  5:29  Queen  
  66  5:32  Spine Crawler  
  60  5:44  Overlord x2  
  55  5:55  Spore Crawler  
  52  5:57  Lair  
  52  5:58  Spore Crawler  
  50  6:04  Spore Crawler  
  49  6:30  Zergling x2  
  49  6:31  Zergling x26  
  41  6:49  Zergling x4  
  41  6:50  Zergling x18  
  52  6:57  Overseer  
  49  7:07  Spine Crawler  
  48  7:28  Roach  
  48  7:29  Roach x4  
  57  7:33  Spore Crawler  
  48  7:49  Overseer  
  37  8:13  Roach  
  37  8:14  Roach x6  
  48  8:23  Zergling x4  
  48  8:24  Zergling x2  
  47  8:38  Overseer  
Show
View Real Time Build Order
Export as new Build Order

AgCl Protoss 

Build Orders: Dark Templar Rush 

Get SALT Encoding   

  12  0:14  Probe  
  12  0:17  Pylon  
  13  0:30  Assimilator  
  14  0:39  Gateway  
  14  0:41  Probe  
  14  0:53  Probe  
  15  1:05  Probe  
  15  1:07  Assimilator  
  16  1:18  Probe  
  17  1:30  Probe  
  17  1:31  Zealot (Chrono Boost)  
  20  1:42  Probe (Chrono Boost)  
  21  1:49  Cybernetics Core  
  21  1:50  Pylon  
  22  1:54  Probe (Chrono Boost)  
  23  2:08  Probe (Chrono Boost)  
  23  2:20  Probe (Chrono Boost)  
  24  2:26  Probe (Chrono Boost)  
  27  2:37  Twilight Council, Warp Gate (Chrono Boost)  
  27  2:38  Mothership Core (Chrono Boost)  
  25  3:00  Gateway  
  25  3:01  Pylon  
  25  3:08  Pylon  
  25  3:13  Probe (Chrono Boost)  
  26  3:24  Probe (Chrono Boost), Gateway  
  27  3:31  Probe  
  28  3:35  Dark Shrine  
  28  3:39  Pylon  
  28  3:47  Gateway  
  28  3:50  Probe  
  29  4:00  Pylon  
  29  4:05  Shield Upgrade (Chrono Boost)  
  29  4:29  Adept  
  31  4:35  Adept  
  31  4:36  Stalker  
  35  4:47  Pylon  
  35  5:06  Adept x4  
  37  5:29  Pylon  
  37  5:33  Adept x3  
  37  5:42  Dark Templar  
  33  5:50  Dark Templar  
  33  5:54  Nexus  
  33  5:55  Dark Templar  
  31  5:57  Dark Templar  
  31  6:01  Dark Templar  
  35  6:17  Sentry  
  37  6:29  Adept  
  37  6:30  Adept  
  37  6:42  Dark Templar x2  
  37  6:58  Dark Templar, Zealot  
  39  7:11  Pylon  
  39  7:12  Pylon  
  27  7:26  Dark Templar  
  27  7:27  Zealot x2  
  13  8:37  Probe (Chrono Boost)  
  10  8:47  Probe (Chrono Boost)  
Tags
 
Add a new tag
Caveats
  • Supply blocks, unpowered buildings, or Contaminate may cause inaccurate times.
  • Supply counts are checked every 10 seconds.